TOP OF THE 1ST |
Tennessee Smokies batting - Pitching for Reading Fightin Phils : LHP Shirou Yoshida
|
Pitching: LHP Shirou Yoshida
|
|
Batting: LHB Nate Greening
|
0-0: Ball 1-0: Foul Ball, location: 2F 1-1: Foul Ball, location: 2F 1-2: Foul Ball, location: 2F 1-2: Strikes out swinging
|
Batting: RHB Du Kim
|
0-0: Ball 1-0: Foul Ball, location: 2F 1-1: Swinging Strike 1-2: Strikes out swinging
|
Batting: LHB Daigo Ishii
|
0-0: Ball 1-0: Called Strike 1-1: Foul Ball, location: 2F 1-2: Foul Ball, location: 2F 1-2: Ball 2-2: Strikes out swinging
|
Top of the 1st over - 0 runs, 0 hits, 0 errors, 0 left on base; Tennessee 0 - Reading 0 |
BOTTOM OF THE 1ST |
Reading Fightin Phils batting - Pitching for Tennessee Smokies : RHP Bogdan Sdobnyakov
|
Pitching: RHP Bogdan Sdobnyakov
|
|
Batting: RHB Alberto Ramirez
|
0-0: Called Strike 0-1: Swinging Strike 0-2: Ball 1-2: Ball 2-2: Reached on error, E5 (Groundball, 5L, EV 100.0 MPH)
|
Batting: RHB Chris Myers
|
0-0: Reached on error, E5 (Groundball, 5S, EV 66.2 MPH) Alberto Ramirez to third
|
Batting: RHB Guan-pei Gao
|
0-0: Called Strike Chris Myers steals 2nd base 0-1: Called Strike 0-2: Foul Ball, location: 2F 0-2: Ball 1-2: Strikes out swinging
|
Batting: RHB Greg Herzig
|
0-0: Ball 1-0: Ball 2-0: Ball 3-0: Called Strike 3-1: Foul Ball, location: 2F 3-2: Base on Balls
|
Batting: RHB Victor Arroyo
|
0-0: Called Strike 0-1: Called Strike 0-2: Ball 1-2: Ball 2-2: Ball 3-2: Foul Ball, location: 2F 3-2: Base on Balls Alberto Ramirez scores Chris Myers to third Greg Herzig to second
|
Pitching: RHP Anastagio Fasola
|
|
Batting: RHB Mike Bell
|
0-0: Foul Ball, location: 2F 0-1: Ball 1-1: Foul Ball, location: 2F 1-2: Fly out, F8 (Flyball, 8RD, EV 100.6 MPH) Runner from 3rd tags up, SCORES, throw by CF Greg Herzig to third
|
Batting: RHB Daniel Samano
|
0-0: Ball 1-0: Ball 2-0: Foul Ball, location: 2F 2-1: Ball 3-1: Swinging Strike 3-2: Base on Balls Victor Arroyo to second
|
Batting: RHB Mike Meeker
|
0-0: Ball 1-0: Ball 2-0: Foul Ball, location: 2F 2-1: TRIPLE (Flyball, 9LD, EV 107.5 MPH) Greg Herzig scores Victor Arroyo scores Daniel Samano scores
|
Batting: RHB Jake Cox
|
0-0: Called Strike 0-1: Ball 1-1: Foul Ball, location: 2F 1-2: Ball 2-2: Ball 3-2: SINGLE (Line Drive, 78S, EV 90.0 MPH) Mike Meeker scores
|
Pitching: RHP Roberto Cruz
|
|
Batting: RHB Alberto Ramirez
|
0-0: Called Strike 0-1: Called Strike 0-2: Foul Ball, location: 2F 0-2: Ball 1-2: Ball 2-2: Ball 3-2: Strikes out swinging
|
Bottom of the 1st over - 6 runs, 2 hits, 2 errors, 1 left on base; Tennessee 0 - Reading 6 |
TOP OF THE 2ND |
Tennessee Smokies batting - Pitching for Reading Fightin Phils : LHP Shirou Yoshida
|
Batting: RHB Ricky Ramirez
|
0-0: Ball 1-0: Foul Ball, location: 2F 1-1: Ball 2-1: Swinging Strike 2-2: Ball 3-2: Ground out 5-3 (Groundball, 5, EV 106.9 MPH)
|
Batting: RHB Juan Bonilla
|
0-0: Ball 1-0: Swinging Strike 1-1: Ball 2-1: Fly out, F8 (Flyball, 8LM, EV 93.8 MPH)
|
Batting: RHB Armando Vilano
|
0-0: Ball 1-0: Called Strike 1-1: Ball 2-1: Ground out 4-3 (Groundball, 4M, EV 103.1 MPH)
|
Top of the 2nd over - 0 runs, 0 hits, 0 errors, 0 left on base; Tennessee 0 - Reading 6 |
BOTTOM OF THE 2ND |
Reading Fightin Phils batting - Pitching for Tennessee Smokies : RHP Roberto Cruz
|
Batting: RHB Chris Myers
|
0-0: SINGLE (Line Drive, 56, EV 95.6 MPH)
|
Batting: RHB Guan-pei Gao
|
0-0: Ball Chris Myers steals 2nd, throwing error, E2 Chris Myers to third 1-0: Foul Ball, location: 2F 1-1: Reached on error, E7 (Flyball, 7, EV 84.4 MPH) Chris Myers scores
|
Batting: RHB Greg Herzig
|
0-0: Called Strike 0-1: Ball 1-1: Ball 2-1: Ball 3-1: Base on Balls Guan-pei Gao to second
|
Batting: RHB Victor Arroyo
|
0-0: Swinging Strike 0-1: Foul Ball, location: 2F 0-2: Foul Ball, location: 2F 0-2: Ball 1-2: Foul Ball, location: 2F 1-2: Ball 2-2: Foul Ball, location: 2F 2-2: Ball 3-2: DOUBLE (Line Drive, 78D, EV 108.1 MPH) Guan-pei Gao scores Greg Herzig to third
|
Pitching: LHP Ricardo Saucedo
|
|
Batting: RHB Mike Bell
|
0-0: Foul Ball, location: 2F 0-1: Called Strike 0-2: Ball 1-2: Ball 2-2: Ball 3-2: Strikes out swinging
|
Batting: RHB Daniel Samano
|
0-0: Ball 1-0: SINGLE (Groundball, 6MD, EV 99.4 MPH) Greg Herzig scores Victor Arroyo to third
|
Batting: RHB Mike Meeker
|
0-0: Called Strike 0-1: Grounds into double play, 5-4-3 (Groundball, 56, EV 94.4 MPH)
|
Bottom of the 2nd over - 3 runs, 3 hits, 2 errors, 1 left on base; Tennessee 0 - Reading 9 |
TOP OF THE 3RD |
Tennessee Smokies batting - Pitching for Reading Fightin Phils : LHP Shirou Yoshida
|
Batting: RHB Taylor Garofalo
|
0-0: Ball 1-0: Swinging Strike 1-1: Ball 2-1: Ball 3-1: Called Strike 3-2: Foul Ball, location: 2F 3-2: Foul Ball, location: 2F 3-2: Foul Ball, location: 2F 3-2: Foul Ball, location: 2F 3-2: Foul Ball, location: 2F 3-2: Strikes out swinging
|
Batting: RHB Dylan Burke
|
0-0: Ball 1-0: Ball 2-0: Called Strike 2-1: Foul Ball, location: 2F 2-2: Foul Ball, location: 2F 2-2: Foul Ball, location: 2F 2-2: Ball 3-2: Strikes out swinging
|
Batting: RHB Denis Rachin
|
0-0: Foul Ball, location: 2F 0-1: Foul Ball, location: 2F 0-2: Foul Ball, location: 2F 0-2: Ball 1-2: Foul Ball, location: 2F 1-2: Ground out 5-3 (Groundball, 56S, EV 76.2 MPH)
|
Top of the 3rd over - 0 runs, 0 hits, 0 errors, 0 left on base; Tennessee 0 - Reading 9 |
BOTTOM OF THE 3RD |
Reading Fightin Phils batting - Pitching for Tennessee Smokies : LHP Ricardo Saucedo
|
Batting: RHB Jake Cox
|
0-0: Called Strike 0-1: Foul Ball, location: 2F 0-2: Ball 1-2: Ball 2-2: Strikes out swinging
|
Batting: RHB Alberto Ramirez
|
0-0: Ball 1-0: Ball 2-0: Foul Ball, location: 2F 2-1: Ball 3-1: Base on Balls
|
Pitching: RHP Velimir Sljivancanin
|
|
Batting: RHB Chris Myers
|
0-0: Ball 1-0: Ball 2-0: Swinging Strike 2-1: Ball 3-1: Foul Ball, location: 2F 3-2: Foul Ball, location: 2F 3-2: SINGLE (Groundball, 6D, EV 106.2 MPH) Alberto Ramirez to second Alberto Ramirez to third
|
Batting: RHB Guan-pei Gao
|
0-0: Called Strike 0-1: Ball 1-1: Ball 2-1: Grounds into double play, 5-4-3 (Groundball, 56, EV 83.1 MPH)
|
Bottom of the 3rd over - 0 runs, 1 hit, 0 errors, 1 left on base; Tennessee 0 - Reading 9 |
TOP OF THE 4TH |
Tennessee Smokies batting - Pitching for Reading Fightin Phils : LHP Shirou Yoshida
|
Batting: LHB Nate Greening
|
0-0: Called Strike 0-1: Foul Ball, location: 2F 0-2: Ball 1-2: Foul Ball, location: 2F 1-2: Foul Ball, location: 2F 1-2: Strikes out swinging
|
Batting: RHB Du Kim
|
0-0: Ball 1-0: Foul Ball, location: 2F 1-1: Called Strike 1-2: Foul Ball, location: 2F 1-2: Strikes out swinging
|
Batting: LHB Daigo Ishii
|
0-0: Swinging Strike 0-1: SINGLE (Line Drive, 8LS, EV 105.0 MPH)
|
Batting: RHB Ricky Ramirez
|
0-0: Ball 1-0: Foul Ball, location: 2F 1-1: Called Strike 1-2: Ball 2-2: Strikes out swinging
|
Top of the 4th over - 0 runs, 1 hit, 0 errors, 1 left on base; Tennessee 0 - Reading 9 |
BOTTOM OF THE 4TH |
Reading Fightin Phils batting - Pitching for Tennessee Smokies : RHP Velimir Sljivancanin
|
Batting: RHB Greg Herzig
|
0-0: Foul Ball, location: 2F 0-1: Called Strike 0-2: DOUBLE (Line Drive, 78D, EV 106.9 MPH)
|
Batting: RHB Victor Arroyo
|
0-0: Foul Ball, location: 2F 0-1: Ball 1-1: Foul Ball, location: 2F 1-2: Strikes out looking
|
Pitching: RHP Jose Ramirez
|
|
Batting: RHB Mike Bell
|
0-0: Ball 1-0: Foul Ball, location: 2F 1-1: Ball 2-1: Ball 3-1: Base on Balls
|
Batting: RHB Daniel Samano
|
0-0: Fielders Choice at 2nd, 4-6 (Groundball, 34, EV 103.1 MPH) Greg Herzig to third
|
Batting: RHB Mike Meeker
|
0-0: Ground out U3 (Groundball, 3, EV 86.2 MPH)
|
Bottom of the 4th over - 0 runs, 1 hit, 0 errors, 2 left on base; Tennessee 0 - Reading 9 |
TOP OF THE 5TH |
Tennessee Smokies batting - Pitching for Reading Fightin Phils : LHP Shirou Yoshida
|
Batting: RHB Juan Bonilla
|
0-0: Ball 1-0: Ground out U3 (Groundball, 34, EV 103.1 MPH)
|
Batting: RHB Armando Vilano
|
0-0: Called Strike 0-1: Swinging Strike 0-2: Strikes out swinging
|
Batting: RHB Taylor Garofalo
|
0-0: Called Strike 0-1: Ball 1-1: Called Strike 1-2: Ball 2-2: Ground out 6-3 (Groundball, 6, EV 98.1 MPH)
|
Top of the 5th over - 0 runs, 0 hits, 0 errors, 0 left on base; Tennessee 0 - Reading 9 |
BOTTOM OF THE 5TH |
Reading Fightin Phils batting - Pitching for Tennessee Smokies : RHP Jose Ramirez
|
Batting: RHB Jake Cox
|
0-0: Ball 1-0: Ball 2-0: Foul Ball, location: 2F 2-1: Foul Ball, location: 2F 2-2: Foul Ball, location: 2F 2-2: SINGLE (Groundball, 56D, EV 94.4 MPH)
|
Batting: RHB Alberto Ramirez
|
0-0: Called Strike 0-1: Foul Ball, location: 2F 0-2: Ball 1-2: Foul Ball, location: 2F 1-2: SINGLE (Groundball, 6M, EV 105.0 MPH) (infield hit) Jake Cox to second
|
Batting: RHB Chris Myers
|
0-0: Ball 1-0: Swinging Strike 1-1: Ball 2-1: Ball 3-1: Grounds into double play, 6-4-3 (Groundball, 6, EV 110.0 MPH) Jake Cox to third
|
Batting: RHB Guan-pei Gao
|
0-0: Ball 1-0: Ball 2-0: Ball 3-0: Base on Balls
|
Batting: RHB Greg Herzig
|
0-0: Ball 1-0: Ball 2-0: Called Strike 2-1: SINGLE (Groundball, 4MS, EV 67.5 MPH) (infield hit) Jake Cox scores Guan-pei Gao to second
|
Pitching: LHP Emir Jalil
|
|
Batting: RHB Victor Arroyo
|
0-0: Ball 1-0: Called Strike 1-1: Foul Ball, location: 2F 1-2: Ball 2-2: Foul Ball, location: 2F 2-2: Foul Ball, location: 2F 2-2: 3-RUN HOME RUN (Flyball, 89XD, EV 102.5 MPH), Distance : 410 ft
|
Batting: RHB Mike Bell
|
0-0: Ball 1-0: Foul Ball, location: 2F 1-1: Ground out 5-3 (Groundball, 56S, EV 86.2 MPH)
|
Bottom of the 5th over - 4 runs, 4 hits, 0 errors, 0 left on base; Tennessee 0 - Reading 13 |
TOP OF THE 6TH |
Tennessee Smokies batting - Pitching for Reading Fightin Phils : LHP Shirou Yoshida
|
Batting: RHB Dylan Burke
|
0-0: Fly out, F9 (Line Drive, 9S, EV 92.5 MPH)
|
Batting: RHB Denis Rachin
|
0-0: Foul Ball, location: 2F 0-1: Fly out, F7 (Flyball, 78M, EV 88.1 MPH)
|
Batting: LHB Nate Greening
|
0-0: Ball 1-0: Ball 2-0: Called Strike 2-1: Swinging Strike 2-2: Foul Ball, location: 2F 2-2: Strikes out swinging
|
Top of the 6th over - 0 runs, 0 hits, 0 errors, 0 left on base; Tennessee 0 - Reading 13 |
BOTTOM OF THE 6TH |
Reading Fightin Phils batting - Pitching for Tennessee Smokies : LHP Emir Jalil
|
Batting: RHB Daniel Samano
|
0-0: Fly out, F8 (Flyball, 8LD, EV 89.4 MPH)
|
Batting: RHB Mike Meeker
|
0-0: Called Strike 0-1: Ball 1-1: Ball 2-1: Called Strike 2-2: SINGLE (Groundball, 6M, EV 96.2 MPH)
|
Batting: RHB Jake Cox
|
0-0: Ball 1-0: Ball 2-0: Ball 3-0: Base on Balls Mike Meeker to second
|
Pitching: RHP Alvaro Romero
|
|
Batting: RHB Alberto Ramirez
|
0-0: Ball 1-0: Foul Ball, location: 2F 1-1: Fielders Choice at 2nd, 6-4 (Groundball, 6, EV 88.8 MPH) Mike Meeker to third
|
Batting: RHB Chris Myers
|
0-0: SINGLE (Groundball, 6MS, EV 80.6 MPH) (infield hit) Mike Meeker scores Alberto Ramirez to second
|
Batting: RHB Guan-pei Gao
|
0-0: Foul Ball, location: 2F 0-1: 3-RUN HOME RUN (Line Drive, 7D, EV 93.8 MPH), Distance : 365 ft
|
Batting: RHB Greg Herzig
|
0-0: Called Strike 0-1: Foul Ball, location: 2F 0-2: Ground out 6-3 (Groundball, 6, EV 88.8 MPH)
|
Bottom of the 6th over - 4 runs, 3 hits, 0 errors, 0 left on base; Tennessee 0 - Reading 17 |
TOP OF THE 7TH |
Tennessee Smokies batting - Pitching for Reading Fightin Phils : LHP Shirou Yoshida
|
Batting: RHB Du Kim
|
0-0: SINGLE (Line Drive, 9LS, EV 85.0 MPH)
|
Batting: LHB Daigo Ishii
|
0-0: Ball Du Kim steals 2nd base (no throw) 1-0: Foul Ball, location: 2F 1-1: SINGLE (Groundball, 34D, EV 108.8 MPH) Du Kim to third
|
Batting: RHB Ricky Ramirez
|
0-0: Called Strike 0-1: Ball 1-1: Called Strike 1-2: Ball 2-2: Strikes out looking
|
Batting: RHB Juan Bonilla
|
0-0: Ball 1-0: Called Strike 1-1: Ball 2-1: Foul Ball, location: 2F 2-2: Strikes out looking
|
Pitching: RHP Seizaburo Takahashi
|
|
Batting: RHB Armando Vilano
|
0-0: Ball 1-0: Swinging Strike 1-1: Ball 2-1: Foul Ball, location: 2F 2-2: Ball 3-2: Strikes out looking
|
Top of the 7th over - 0 runs, 2 hits, 0 errors, 2 left on base; Tennessee 0 - Reading 17 |
BOTTOM OF THE 7TH |
Reading Fightin Phils batting - Pitching for Tennessee Smokies : RHP Alvaro Romero
|
Batting: RHB Victor Arroyo
|
0-0: Foul Ball, location: 2F 0-1: Called Strike 0-2: Foul Ball, location: 2F 0-2: SINGLE (Flyball, 78S, EV 93.1 MPH)
|
Batting: RHB Mike Bell
|
0-0: Ball 1-0: Ball 2-0: Ball 3-0: Base on Balls Victor Arroyo to second
|
Batting: RHB Daniel Samano
|
0-0: Called Strike 0-1: Foul Ball, location: 2F 0-2: 3-RUN HOME RUN (Flyball, 7LD, EV 94.4 MPH), Distance : 336 ft
|
Pitching: RHP Roy Battist
|
|
Batting: RHB Mike Meeker
|
0-0: Called Strike 0-1: Ball 1-1: Ball 2-1: Ball 3-1: Swinging Strike 3-2: Foul Ball, location: 2F 3-2: Base on Balls
|
Batting: RHB Jake Cox
|
0-0: Ball 1-0: Swinging Strike 1-1: SINGLE (Groundball, 4MD, EV 100.6 MPH) Mike Meeker to second
|
Batting: RHB Alberto Ramirez
|
0-0: Ball 1-0: Called Strike 1-1: Ball 2-1: Ball 3-1: Base on Balls Mike Meeker to third Jake Cox to second
|
Pinch Hitting: RHB Victor Arias
|
0-0: Ball 1-0: Called Strike 1-1: SINGLE (Groundball, 25, EV 61.9 MPH) (infield hit) Mike Meeker scores Jake Cox to third Alberto Ramirez to second
|
Batting: RHB Guan-pei Gao
|
0-0: DOUBLE (Flyball, 8RXD, EV 88.1 MPH) Jake Cox scores Alberto Ramirez scores Victor Arias to third
|
Batting: RHB Greg Herzig
|
0-0: Foul Ball, location: 2F 0-1: Ball 1-1: Called Strike 1-2: Ball 2-2: Fly out, F8 (Line Drive, 8RD, EV 87.5 MPH) Throwing error, E8 Victor Arias scores Guan-pei Gao to third
|
Batting: RHB Victor Arroyo
|
0-0: Ball 1-0: Called Strike 1-1: Ball 2-1: Ball 3-1: Base on Balls
|
Batting: RHB Mike Bell
|
0-0: Foul Ball, location: 2F 0-1: Ball 1-1: Foul Ball, location: 2F 1-2: Ball 2-2: Ball 3-2: Foul Ball, location: 2F 3-2: Base on Balls Victor Arroyo to second
|
Batting: RHB Daniel Samano
|
0-0: Called Strike 0-1: Ball 1-1: Grounds into double play, 5-4-3 (Groundball, 56S, EV 89.4 MPH)
|
Bottom of the 7th over - 7 runs, 5 hits, 1 error, 2 left on base; Tennessee 0 - Reading 24 |
TOP OF THE 8TH |
Tennessee Smokies batting - Pitching for Reading Fightin Phils : RHP Seizaburo Takahashi
|
Now in LF: Victor Arias
|
|
Batting: RHB Taylor Garofalo
|
0-0: DOUBLE (Flyball, 78D, EV 96.9 MPH)
|
Batting: RHB Dylan Burke
|
0-0: Called Strike 0-1: Called Strike 0-2: Strikes out swinging
|
Batting: RHB Denis Rachin
|
0-0: Called Strike 0-1: Ball 1-1: SINGLE (Flyball, 78S, EV 90.6 MPH) Taylor Garofalo to third
|
Batting: LHB Nate Greening
|
0-0: Foul Ball, location: 2F 0-1: Ball 1-1: Foul Ball, location: 2F 1-2: Foul Ball, location: 2F 1-2: Ball 2-2: Fielders Choice at 2nd, 4-6 (Groundball, 4, EV 105.6 MPH) Taylor Garofalo scores
|
Batting: RHB Du Kim
|
0-0: Ball 1-0: Foul Ball, location: 2F 1-1: Ground out 2-3 (Groundball, 13S, EV 68.1 MPH)
|
Top of the 8th over - 1 run, 2 hits, 0 errors, 1 left on base; Tennessee 1 - Reading 24 |
BOTTOM OF THE 8TH |
Reading Fightin Phils batting - Pitching for Tennessee Smokies : RHP Roy Battist
|
Batting: RHB Mike Meeker
|
0-0: Ball 1-0: Ball 2-0: Ball 3-0: Called Strike 3-1: Base on Balls
|
Batting: RHB Jake Cox
|
0-0: Ball 1-0: Foul Ball, location: 2F 1-1: Ball 2-1: Fly out, F7 (Flyball, 7LM, EV 96.9 MPH)
|
Batting: RHB Alberto Ramirez
|
0-0: Called Strike 0-1: Foul Ball, location: 2F 0-2: Grounds into double play, 6-4-3 (Groundball, 6M, EV 83.8 MPH)
|
Bottom of the 8th over - 0 runs, 0 hits, 0 errors, 0 left on base; Tennessee 1 - Reading 24 |
TOP OF THE 9TH |
Tennessee Smokies batting - Pitching for Reading Fightin Phils : RHP Seizaburo Takahashi
|
Batting: LHB Daigo Ishii
|
0-0: Ball 1-0: Swinging Strike 1-1: Called Strike 1-2: Foul Ball, location: 2F 1-2: Foul Ball, location: 2F 1-2: Ball 2-2: Ball 3-2: Strikes out swinging
|
Batting: RHB Ricky Ramirez
|
0-0: SINGLE (Line Drive, 4M, EV 105.6 MPH)
|
Batting: RHB Juan Bonilla
|
0-0: Foul Ball, location: 2F 0-1: Foul Ball, location: 2F 0-2: Ball 1-2: Ball 2-2: Strikes out looking
|
Batting: RHB Armando Vilano
|
0-0: Foul Ball, location: 2F 0-1: SINGLE (Line Drive, 8LS, EV 110.6 MPH) Ricky Ramirez to second
|
Batting: RHB Taylor Garofalo
|
0-0: Ball 1-0: Called Strike 1-1: Called Strike 1-2: Ball 2-2: Foul Ball, location: 2F 2-2: Ball 3-2: Foul Ball, location: 2F 3-2: Ground out U3 (Groundball, 34, EV 82.5 MPH)
|
Top of the 9th over - 0 runs, 2 hits, 0 errors, 2 left on base; Tennessee 1 - Reading 24 |
|